 Dungeon Crawl Stone Soup version 0.31-a0-870-g10ed682358 (webtiles) character file.

Game seed: 2750354572277287825

114447 BinkBink the Warrior (level 16, -40/160 HPs)
             Began as a Minotaur Monk on Oct 12, 2023.
             Was the Champion of Qazlal.
             Succumbed to a redback's poison
             ... on level 1 of the Spider Nest.
             The game lasted 00:41:55 (23087 turns).

BinkBink the Warrior (Minotaur Monk)               Turns: 23087, Time: 00:41:56

Health: -40/160    AC: 36    Str: 31    XL:     16   Next: 16%
Magic:  15/15      EV: 19    Int: 18    God:    Qazlal [******]
Gold:   3565       SH:  8    Dex: 20    Spells: 15/15 levels left

rFire   + + .        u - +12 flail "Kiash" {speed, rF+ Will- Str+4}
rCold   + + .        d - orb {light}
rNeg    + . .        T - +8 plate armour of the Stars {rN+ Str-4 Int+8 Dex-4}
rPois   .            Y - +1 hat of Philately {rC+ Dex+3}
rElec   +            v - +0 cloak
rCorr   +            U - +0 pair of gloves {hurl}
SInv    .            B - +1 pair of boots of Ennui {Harm rElec Str+3 Int+3}
Will    .....        G - amulet of regeneration Stlth
                     a - ring "Nymmiuju" {rF+ rC+ Will- rCorr Str+6}
HPRegen 1.26/turn    R - +6 ring of dexterity
MPRegen 0.14/turn

%: harm (+30% outgoing, +20% incoming), repel missiles
@: lethally poisoned (-40 -> -305), protected from physical damage, glowing,
studying 2 skills
A: horns 2, retaliatory headbutt
a: Renounce Religion, Upheaval, Elemental Force, Disaster Area


You were on level 1 of the Spider Nest.
You worshipped Qazlal.
Qazlal was exalted by your worship.
You visited 5 branches of the dungeon, and saw 25 of its levels.
You visited the Abyss 1 time.
You also visited: Bailey and Gauntlet.

You collected 3925 gold pieces.
You spent 360 gold pieces at shops.

Inventory:

Hand Weapons
 h - the +8 hand axe of the Purse {freeze, rElec Str+4 Int+2}
   (You took it off a kobold in a bailey)

   Str+4:     It affects your strength (+4).
   Int+2:     It affects your intelligence (+2).
   rElec:     It insulates you from electricity.
 u - the +12 flail "Kiash" (weapon) {speed, rF+ Will- Str+4}
   (You found it on level 3 of the Dungeon)

   Str+4:     It affects your strength (+4).
   rF+:       It protects you from fire.
   Will-:     It decreases your willpower.
 C - a +6 eveningstar
 J - the +10 glaive "Ruotodur" {vamp, Str+3}
   (You took it off a minotaur in a Gauntlet)

   Str+3:     It affects your strength (+3).
Armour
 d - an orb of light (worn)
 v - a +0 cloak (worn)
 B - the +1 pair of boots of Ennui (worn) {Harm rElec Str+3 Int+3}
   (You acquired it on level 2 of the Lair of Beasts)

   Str+3:     It affects your strength (+3).
   Int+3:     It affects your intelligence (+3).
   rElec:     It insulates you from electricity.
   Harm:      It increases damage dealt and taken.
 T - the +8 plate armour of the Stars (worn) {rN+ Str-4 Int+8 Dex-4}
   (You found it on level 11 of the Dungeon)

   Str-4:     It affects your strength (-4).
   Int+8:     It affects your intelligence (+8).
   Dex-4:     It affects your dexterity (-4).
   rN+:       It protects you from negative energy.
 U - a +0 pair of gloves of hurling (worn)
 Y - the +1 hat of Philately (worn) {rC+ Dex+3}
   (You found it in a Gauntlet)

   Dex+3:     It affects your dexterity (+3).
   rC+:       It protects you from cold.
Jewellery
 a - the ring "Nymmiuju" (left hand) {rF+ rC+ Will- rCorr Str+6}
   (You acquired it on level 14 of the Dungeon)

   [ring of strength]

   Str+6:     It affects your strength (+6).
   rF+:       It protects you from fire.
   rC+:       It protects you from cold.
   Will-:     It decreases your willpower.
   rCorr:     It protects you from acid and corrosion.
 n - a +5 ring of evasion
 G - an amulet of regeneration (around neck)
 R - a +6 ring of dexterity (right hand)
 Z - a ring of willpower
Talismans
 Q - a granite talisman
Wands
 l - a wand of iceblast (4)
 o - a wand of charming (17)
 q - a wand of digging (4)
 F - a wand of quicksilver (14)
 M - a wand of flame (28)
 V - a wand of polymorph (5)
 X - a wand of mindburst (43)
Scrolls
 f - 3 scrolls of vulnerability
 r - 3 scrolls of poison
 s - 3 scrolls of blinking
 t - 8 scrolls of teleportation
 w - 8 scrolls of identify
 x - 3 scrolls of fog
 y - a scroll of silence
 z - 6 scrolls of immolation
 H - 3 scrolls of fear
 I - 3 scrolls of enchant weapon
 L - a scroll of amnesia
 P - 7 scrolls of revelation
 W - 2 scrolls of enchant armour
Potions
 b - 2 potions of brilliance
 c - a potion of ambrosia
 e - 3 potions of mutation
 i - 2 potions of might
 j - 2 potions of resistance
 k - 3 potions of lignification
 m - 11 potions of curing
 p - 3 potions of berserk rage
 A - 4 potions of cancellation
 D - a potion of invisibility
 E - 2 potions of magic
 K - 4 potions of heal wounds
 N - 4 potions of attraction
 O - 9 potions of enlightenment
 S - a potion of haste


   Skills:
 + Level 19.2 Fighting
 - Level 6.0(10.8) Axes
 - Level 14.0(14.4) Maces & Flails
 + Level 17.6 Armour
 + Level 17.5 Dodging


You had 15 spell levels left.
You didn't know any spells.
Your spell library contained the following spells:

 Spells                   Type           Power      Damage    Failure   Level
 Necrotise                Necr           0%         1d4       69%         1
 Sandblast                Erth           0%         2d4       69%         1
 Blink                    Tloc           0%         N/A       83%         2
 Cigotuvi's Dreadful Rot  Necr/Pois/Air  0%         N/A       83%         2
 Passwall                 Tmut/Erth      0%         N/A       83%         2
 Static Discharge         Conj/Air       0%         2-2/arc   83%         2
 Dazzling Flash           Conj/Hex       0%         N/A       96%         3
 Gell's Gravitas          Tloc           0%         N/A       96%         3
 Ignite Poison            Fire/Tmut/Pois 0%         N/A       96%         3
 Ozocubu's Armour         Ice            0%         N/A       96%         3
 Stone Arrow              Conj/Erth      0%         3d7       96%         3
 Teleport Other           Tloc           0%         N/A       96%         3
 Vampiric Draining        Necr           0%         2d6       96%         3
 Airstrike                Air            0%         2d(0-16)  100%        4
 Animate Dead             Necr           0%         N/A       100%        4
 Brom's Barrelling Bould  Conj/Erth      0%         2d3       100%        4
 Dispel Undead            Necr           0%         3d6       100%        4
 Manifold Assault         Tloc           0%         N/A       100%        4
 Passage of Golubria      Tloc           0%         N/A       100%        4
 Sticky Flame             Conj/Fire      0%         2d3       100%        4
 Summon Lightning Spire   Summ/Air       0%         N/A       100%        4
 Agony                    Necr           0%         N/A       100%        5
 Borgnjor's Vile Clutch   Necr/Erth      0%         N/A       100%        5
 Irradiate                Conj/Tmut      0%         3d11      100%        5
 Silence                  Hex/Air        0%         N/A       100%        5
 Death Channel            Necr           0%         N/A       100%        6
 Dispersal                Tloc           0%         N/A       100%        6
 Ozocubu's Refrigeration  Ice            0%         4d7       100%        7
 Spellforged Servitor     Conj/Summ      0%         N/A       100%        7
 Ignition                 Fire           0%         3d3       100%        8
 Lehudib's Crystal Spear  Conj/Erth      0%         10d2      100%        8


Dungeon Overview and Level Annotations

Branches:
Dungeon (15/15)            Temple (1/1) D:6            Lair (5/5) D:9
  Swamp (0/4) Lair:3       Spider (2/4) Lair:3        Slime (0/5) Lair:5
    Orc (2/2) D:12            Elf (0/3) Orc:2        Vaults (0/5) D:14
 Depths (0/4) D:15         Bailey (visited)         Gauntlet (visited)

Altars:
Ashenzari
Dithmenos
Elyvilon
Fedhas
Gozag
Hepliaklqana
Kikubaaqudgha
Makhleb
Nemelex Xobeh
Okawaru
Qazlal
Ru
Sif Muna
Trog
Uskayaw
Vehumet
Wu Jian
Xom
Yredelemnul
Zin
The Shining One

Shops:
D:14 (   Orc:2 :[!(

Annotations:
D:3 3 runed translucent doors, Lucash's ghost, weakling OgHs
D:6 1 runed translucent door
Temple 2 transporters
Lair:1 1 runed translucent door, Bnni's ghost, journeyman FoEE


Innate Abilities, Weirdness & Mutations

You have a pair of horns on your head.
You reflexively headbutt those who attack you in melee.


Message History

You hear a faint skittering sound.
You block the redback's attack.
The redback rages.
The jumping spider leaps!
The redback is engulfed in freezing vapours.
The redback bites you but does no damage.
The redback bites you.
The jumping spider leaps! x2
The redback simulacrum struggles to get unstuck from the web.
The redback barely misses you. You furiously retaliate!
You headbutt the redback!!
You kill the redback!
Qazlal accepts your kill.
The jumping spider leaps! x2
The redback bites you but does no damage. x2
You hear a faint skittering sound. x2
The redback attacks as it pursues you! The redback bites you!!
You are lethally poisoned!
The redback poisons you!
The redback simulacrum pulls away from the web.
The redback is engulfed in freezing vapours.
The redback barely misses you.
There is a stone staircase leading up, spattered with blood here.
* * * LOW HITPOINT WARNING * * *
You feel extremely sick.
The redback is engulfed in freezing vapours.
The redback bites you but does no damage. x2
The jumping spider leaps! x2
The moth of wrath goads the jumping spider on!
The jumping spider goes berserk!
You block the jumping spider's attack.
The jumping spider bites you but does no damage.
The tarantella is engulfed in freezing vapours.
The redback is engulfed in freezing vapours.
The redback barely misses you.
The culicivora chitters at the tarantella.
The tarantella's wounds heal themselves!
You block the redback's attack. The jumping spider pounces on you!
* * * LOW HITPOINT WARNING * * *
The jumping spider bites you but does no damage.
You climb upwards.
You die...

#..................##
#............##....##
#..#................#
...........##.......#
...#.......##.......#
....#..[#####.......#
....#.#.# #......##
.....##.### ###..s..#
.....###..# ##@s###
.....# #..# ##s###
.....# ##.# #..#
.....# #.# ##.##
.....# #.###^##
.....# ###.#.## ###
..######..##.####.#
#.#####.#####.....##
.......## ##....^#


You could see a jumping spider (berserk) and 2 redbacks.

Vanquished Creatures
  Rupert (D:14)
  Roxanne (D:14)
  A minotaur (Gauntlet)
  Azrael (D:13)
  An ettin (Orc:1)
  Snorg (D:13)
  Josephine (Orc:1)
  Fannar (Lair:2)
  An entropy weaver (Spider:1)
  2 vault guards (D:14)
  3 hydras
  A radroach (Spider:2)
  A death knight (D:13)
  7 centaur warriors
  4 ogre magi
  10 two-headed ogres
  5 demonic crawlers
  3 boulder beetles
  Urug (D:13)
  Sonja (D:10)
  4 skysharks (Lair:3)
  A fire crab (Lair:5)
  A pharaoh ant (Spider:2)
  A steelbarb worm (Spider:1)
  2 wizards (D:14)
  An orange crystal statue (Gauntlet)
  2 orb spiders (Spider:1)
  Pikel (D:4)
  A lindwurm (Lair:4)
  4 orc knights
  4 necromancers
  A harpy (shapeshifter) (D:14)
  7 cyclopes
  7 wolf spiders
  4 manticores
  11 ugly things
  11 orc sorcerers
  A manticore (shapeshifter) (D:15)
  4 elephants (Lair:4)
  8 black mambas
  A guardian serpent (Lair:5)
  19 cane toads
  Maggie (D:6)
  An unseen horror (D:11)
  5 komodo dragons
  3 rime drakes
  2 freezing wraiths (D:13)
  A yaktaur (D:15)
  3 meliai (D:15)
  12 polar bears
  6 trolls
  7 hornets
  9 blink frogs
  7 tarantellas (Spider:1)
  A raiju (Lair:5)
  6 dream sheep (Lair:5)
  A blink frog (shapeshifter) (D:13)
  10 jumping spiders
  11 slime creatures
  5 culicivoras
  A centaur simulacrum (D:15)
  10 wyverns
  2 shadows
  2 fire elementals (D:13)
  8 wraiths
  The ghost of BinkBink the Trooper, an amateur MiFi (D:6)
  2 vampires
  20 yaks
  17 humans (D:14)
  6 vampire mosquitoes
  2 basilisks
  3 steam dragons
  13 redbacks
  Menkaure (D:6)
  8 wargs
  Edmund (D:6)
  5 swamp worms
  17 hell hounds
  3 acid dragons
  2 floating eyes (Orc:1)
  25 water moccasins
  9 orc warriors
  A sky beast (D:7)
  9 ogres
  12 black bears
  22 wolves
  8 ice beasts
  29 centaurs
  3 kobold brigands
  A gnoll sergeant (D:10)
  A wyvern zombie (D:7)
  10 bullfrogs
  3 scorpions
  4 wights (D:8)
  15 killer bees
  2 electric eels (D:10)
  10 howler monkeys
  A bullfrog zombie (D:7)
  2 centaur zombies (D:7)
  4 jellies
  7 orc priests
  2 gnoll boudas
  4 hounds
  A sleepcap (D:6)
  2 iguanas
  Jessica (D:2)
  22 orc wizards
  Natasha (D:2)
  3 killer bee zombies (D:7)
  A howler monkey zombie (D:7)
  19 gnolls
  6 adders
  A white imp (D:6)
  5 worms
  5 dart slugs
  51 orcs
  4 bats
  6 endoplasms
  3 giant cockroaches
  10 goblins
  9 hobgoblins
  5 jackals
  3 quokkas
  9 ball pythons
  A frilled lizard (D:1)
  27 kobolds
  7 rats
744 creatures vanquished.

Vanquished Creatures (others)
  An angel (D:6)
  A hydra (Lair:5)
  A deep elf pyromancer (D:14)
  2 orc wizards (Orc:2)
5 creatures vanquished.

Grand Total: 749 creatures vanquished

Notes
Turn   | Place    | Note
-------+----------+-------------------------------------------
     0 | D:1      | BinkBink the Minotaur Monk began the quest for the Orb.
     0 | D:1      | Reached XP level 1. HP: 19/19 MP: 0/0
   116 | D:1      | Reached XP level 2. HP: 17/27 MP: 1/1
   396 | D:1      | Reached skill level 4 in Fighting
   415 | D:1      | Reached XP level 3. HP: 24/33 MP: 2/2
   812 | D:2      | Noticed Natasha
   816 | D:2      | Killed Natasha
   943 | D:2      | Reached skill level 5 in Axes
   943 | D:2      | Reached XP level 4. HP: 30/41 MP: 3/3
  1335 | D:2      | Noticed Jessica
  1361 | D:2      | Killed Jessica
  1845 | D:3      | Reached XP level 5. HP: 40/47 MP: 4/4
  2226 | D:3      | Identified the +12 flail "Kiash" {speed, rF+ Will- Str+4}
  2229 | D:3      | Found a runed translucent gate.
  2229 | D:3      | Noticed Lucash's ghost (weakling OgHs)
  2230 | D:3      | Found a runed translucent gate.
  2230 | D:3      | Identified the +4 dagger "Icosomes" {holy, rElec Will+
                  | Dex+3}
  2230 | D:3      | Identified the +4 scale mail of Ru's Reproof {+Inv Will+
                  | Int+2 Dex+2}
  2231 | D:3      | Found a runed translucent gate.
  2701 | D:4      | Noticed Pikel
  2701 | D:4      | Noticed a lemure
  2701 | D:4      | Noticed a lemure
  2701 | D:4      | Noticed a lemure
  2786 | D:4      | Noticed a lemure
  2792 | D:4      | Killed Pikel
  2793 | D:4      | Reached skill level 6 in Fighting
  2793 | D:4      | Reached skill level 5 in Dodging
  2793 | D:4      | Reached XP level 6. HP: 57/57 MP: 5/5
  2793 | D:4      | Reached XP level 7. HP: 63/63 MP: 6/6
  3003 | D:4      | Reached skill level 5 in Maces & Flails
  3064 | D:4      | Found a sacrificial altar of Ru.
  3221 | D:4      | Got a resplendent book
  3953 | D:5      | Entered Level 5 of the Dungeon
  4058 | D:5      | Reached XP level 8. HP: 71/71 MP: 7/7
  4105 | D:5      | Found a bloodstained altar of Trog.
  4609 | D:6      | Reached skill level 7 in Fighting
  4648 | D:6      | Found a glowing silver altar of Zin.
  4651 | D:6      | Noticed an angel
  4654 | D:6      | Found a shimmering altar of Xom.
  4757 | D:6      | Noticed Menkaure
  4759 | D:6      | Killed Menkaure
  4759 | D:6      | Noticed Maggie
  4767 | D:6      | Killed Maggie
  4950 | D:6      | Killed an angel
  5028 | D:6      | Found a staircase to the Ecumenical Temple.
  5099 | D:6      | Found a runed translucent door.
  5100 | D:6      | Noticed BinkBink's ghost (amateur MiFi)
  5136 | D:6      | Reached XP level 9. HP: 81/81 MP: 8/8
  5194 | Temple   | Found a transporter.
  5194 | Temple   | Found a transporter.
  5194 | Temple   | Found a transporter.
  5194 | Temple   | Found a transporter.
  5194 | Temple   | Entered the Ecumenical Temple
  5207 | Temple   | Became a worshipper of Qazlal Stormbringer
  5207 | Temple   | Reached * piety under Qazlal
  5207 | Temple   | Reached ** piety under Qazlal
  5310 | D:6      | Noticed Edmund
  5317 | D:6      | Killed Edmund
  5318 | D:6      | Reached skill level 8 in Fighting
  5318 | D:6      | Reached skill level 1 in Armour
  5362 | D:6      | Found a runed translucent door.
  5449 | D:6      | Killed BinkBink's ghost
  6196 | D:7      | Reached skill level 10 in Maces & Flails
  6215 | D:7      | Found a basalt altar of Yredelemnul.
  6320 | D:7      | Reached *** piety under Qazlal
  6440 | D:8      | Reached skill level 9 in Fighting
  6448 | D:8      | Reached XP level 10. HP: 85/91 MP: 9/9
  6582 | D:8      | Noticed a two-headed ogre
  6588 | D:8      | Killed a two-headed ogre
  6589 | D:8      | Reached skill level 5 in Armour
  6830 | D:8      | Found a white marble altar of Elyvilon.
  7045 | D:8      | Reached **** piety under Qazlal
  7396 | D:9      | Reached skill level 10 in Fighting
  7442 | D:9      | Noticed a manticore
  7467 | D:9      | Killed a manticore
  7468 | D:9      | Reached XP level 11. HP: 100/101 MP: 10/10
  7552 | D:9      | Found a staircase to the Lair.
  7563 | D:9      | Found a sparkling altar of Nemelex Xobeh.
  7594 | D:9      | Found a flagged portal.
  7603 | Bailey   | Entered a bailey
  7633 | Bailey   | Noticed an orc knight
  7677 | Bailey   | Killed an orc knight
  7732 | Bailey   | Identified the +8 hand axe of the Purse {freeze, rElec
                  | Str+4 Int+2}
  7743 | Bailey   | Noticed an orc knight
  7753 | Bailey   | Killed an orc knight
  8328 | D:9      | Identified the +1 scale mail of Moral Flaws {rPois rF++
                  | Dex-3 SInv}
  8333 | D:9      | Found an iron altar of Okawaru.
  8445 | D:9      | Reached ***** piety under Qazlal
  8732 | D:10     | Entered Level 10 of the Dungeon
  9228 | D:10     | Noticed Sonja
  9249 | D:10     | Killed Sonja
  9250 | D:10     | Reached skill level 10 in Dodging
  9261 | D:10     | Found a shadowy altar of Dithmenos.
  9330 | D:10     | Identified the +2 falchion of Dachag {drain, rElec Str+4
                  | Stlth-}
  9600 | D:11     | Noticed a two-headed ogre
  9606 | D:11     | Killed a two-headed ogre
  9607 | D:11     | Reached skill level 11 in Fighting
  9688 | D:11     | Noticed a boulder beetle
  9702 | D:11     | Killed a boulder beetle
  9763 | D:11     | Found a glowing silver altar of Zin.
  9814 | D:11     | Noticed a two-headed ogre
  9820 | D:11     | Killed a two-headed ogre
  9856 | D:11     | Noticed a two-headed ogre
  9860 | D:11     | Killed a two-headed ogre
 10034 | D:11     | Identified the +8 plate armour of the Stars {rN+ Str-4
                  | Int+8 Dex-4}
 10315 | D:12     | Reached skill level 12 in Fighting
 10315 | D:12     | Reached XP level 12. HP: 112/112 MP: 11/11
 10553 | D:12     | Found a staircase to the Orcish Mines.
 10987 | D:13     | Noticed a centaur warrior
 10995 | D:13     | Killed a centaur warrior
 11005 | D:13     | Reached skill level 10 in Armour
 11048 | D:13     | Noticed a death knight
 11080 | Orc:1    | Entered Level 1 of the Orcish Mines
 11085 | Orc:1    | Noticed a two-headed ogre
 11086 | Orc:1    | Noticed an ettin
 11097 | Orc:1    | Killed a two-headed ogre
 11110 | Orc:1    | Killed an ettin
 11221 | Orc:1    | Reached skill level 13 in Fighting
 11360 | Orc:2    | Entered Level 2 of the Orcish Mines
 11652 | Orc:2    | Paralysed by an orc sorcerer for 4 turns
 11839 | Orc:2    | Found a staircase to the Elven Halls.
 11998 | Orc:2    | Paralysed by an orc sorcerer for 5 turns
 12076 | Orc:2    | Paralysed by an orc sorcerer for 4 turns
 12093 | Orc:2    | Paralysed by an orc sorcerer for 3 turns
 12145 | Orc:2    | Noticed an ogre mage
 12151 | Orc:2    | Killed an ogre mage
 12221 | Orc:2    | Found Tuhid's Distillery.
 12239 | Orc:2    | Found an ancient bone altar of Kikubaaqudgha.
 12245 | Orc:2    | Found Zein's Book Shop.
 12262 | Orc:2    | Paralysed by an orc sorcerer for 4 turns
 12270 | Orc:2    | Reached XP level 13. HP: 123/123 MP: 12/12
 12277 | Orc:2    | Found a radiant altar of Vehumet.
 12340 | Orc:2    | Found Emikukk's Antique Armour Boutique.
 12345 | Orc:2    | Found Alyastui's Antique Weapon Boutique.
 12348 | Orc:2    | Bought a pair of runed gloves for 232 gold pieces
 12393 | Orc:2    | Bought a potion of heal wounds for 80 gold pieces
 12393 | Orc:2    | Bought a potion of curing for 48 gold pieces
 12470 | Orc:1    | Noticed Josephine
 12474 | Orc:1    | Reached ****** piety under Qazlal
 12475 | Orc:1    | Reached skill level 14 in Fighting
 12491 | Orc:1    | Killed Josephine
 12679 | Orc:1    | Paralysed by a hornet for 2 turns
 12723 | Orc:1    | Paralysed by an ogre mage for 5 turns
 13191 | Lair:1   | Entered Level 1 of the Lair of Beasts
 13271 | Lair:1   | You fall into a shaft and drop 1 floor!
 13273 | Lair:2   | Noticed Fannar
 13293 | Lair:2   | Killed Fannar
 13664 | Lair:1   | Reached skill level 15 in Fighting
 13936 | Lair:1   | Found a runed translucent door.
 13940 | Lair:1   | Identified the +6 trident "Umuifiuq" {pain, Dex+2}
 13941 | Lair:1   | Noticed Bnni's ghost (journeyman FoEE)
 14595 | Lair:1   | Identified a scroll of acquirement
 14595 | Lair:1   | Acquired a manual of Maces & Flails
 15143 | Lair:2   | Acquired the +1 pair of boots of Ennui {Harm rElec Str+3
                  | Int+3}
 15442 | Lair:3   | Found a staircase to the Swamp.
 15502 | Lair:3   | Found a gate leading to a gauntlet.
 15511 | Gauntlet | Entered a Gauntlet
 15511 | Gauntlet | Found a transporter.
 15519 | Gauntlet | Found a transporter.
 15521 | Gauntlet | Found a transporter.
 15528 | Gauntlet | Found a transporter.
 15543 | Gauntlet | Found a transporter.
 15548 | Gauntlet | Found a transporter.
 15549 | Gauntlet | Noticed a cacodemon
 15563 | Gauntlet | Found a transporter.
 15581 | Gauntlet | Found the +2 ratskin cloak {*Rats rPois rN+ Str-1 Int-1
                  | Dex+1}
 15582 | Gauntlet | Found a transporter.
 15597 | Gauntlet | Found a transporter.
 15602 | Gauntlet | Found a large runed translucent door.
 15603 | Gauntlet | Found a large runed translucent door.
 15604 | Gauntlet | Found a large runed translucent door.
 15604 | Gauntlet | Found a large runed translucent door.
 15605 | Gauntlet | Found a runed translucent gate.
 15606 | Gauntlet | Found a transporter.
 15606 | Gauntlet | Found a runed translucent gate.
 15607 | Gauntlet | Found a runed translucent gate.
 15608 | Gauntlet | Found a large runed translucent door.
 15608 | Gauntlet | Found a large runed translucent door.
 15609 | Gauntlet | Found a large runed translucent door.
 15610 | Gauntlet | Found a large runed translucent door.
 15618 | Gauntlet | Found a transporter.
 15630 | Gauntlet | Found a transporter.
 15647 | Gauntlet | Found a transporter.
 15665 | Gauntlet | Found a transporter.
 15667 | Gauntlet | Found a transporter.
 15694 | Gauntlet | Found a transporter.
 15768 | Gauntlet | Found a large runed translucent door.
 15768 | Gauntlet | Found a large runed translucent door.
 15768 | Gauntlet | Found a runed translucent door.
 15768 | Gauntlet | Found a runed translucent door.
 15769 | Gauntlet | Found a large runed translucent door.
 15770 | Gauntlet | Found a large runed translucent door.
 15772 | Gauntlet | Found a transporter.
 15788 | Gauntlet | Found a large runed translucent door.
 15788 | Gauntlet | Found a large runed translucent door.
 15789 | Gauntlet | Found a large runed translucent door.
 15790 | Gauntlet | Found a large runed translucent door.
 15792 | Gauntlet | Found a transporter.
 15917 | Gauntlet | Identified the +0 helmet of the Good {rC++ Regen+ Dex-5}
 16017 | Gauntlet | Identified the +1 hat of Philately {rC+ Dex+3}
 16201 | Gauntlet | Identified the +10 glaive "Ruotodur" {vamp, Str+3}
 16201 | Gauntlet | Noticed a minotaur
 16207 | Gauntlet | Killed a minotaur
 16208 | Gauntlet | Reached XP level 14. HP: 136/136 MP: 13/13
 16219 | Gauntlet | Identified the +1 leather armour of the Present {rC+ Str+5}
 16900 | Lair:3   | Found a hole to the Spider Nest.
 17253 | Lair:4   | Identified the +0 morningstar of Ishruunn {speed, rPois
                  | Dex+2}
 17860 | Lair:5   | Entered Level 5 of the Lair of Beasts
 17873 | Lair:5   | Reached skill level 16 in Fighting
 18037 | Lair:5   | Reached skill level 15 in Dodging
 18471 | Lair:5   | Identified the +1 ring mail "Qoul" {rElec Int-5 SInv}
 18698 | Lair:5   | Found a staircase to the Slime Pits.
 18775 | Lair:5   | Reached skill level 15 in Armour
 18826 | Lair:5   | Reached skill level 17 in Fighting
 19437 | D:13     | Noticed Snorg
 19444 | D:13     | Killed Snorg
 19451 | D:13     | Noticed Azrael
 19471 | D:13     | Killed Azrael
 19670 | D:13     | Identified the +7 short sword "Suun" {heavy, SInv Stlth+}
 19768 | D:13     | Noticed Urug
 19776 | D:13     | Killed Urug
 19777 | D:13     | Reached XP level 15. HP: 147/147 MP: 14/14
 20186 | D:14     | Found Epocik's Antique Weapon Shop.
 20246 | D:14     | Noticed Roxanne
 20367 | D:14     | Found a hazy altar of Hepliaklqana.
 20451 | D:14     | Noticed Rupert
 20452 | D:14     | Paralysed by Rupert for 4 turns
 20463 | D:14     | Killed Rupert
 20702 | D:14     | Reached skill level 18 in Fighting
 20710 | D:14     | Found a gate to the Vaults.
 20712 | Abyss:2  | Cast into level 2 of the Abyss (a wizard)
 20741 | D:14     | Escaped the Abyss
 20830 | D:14     | Acquired the ring "Nymmiuju" {rF+ rC+ Will- rCorr Str+6}
 21093 | D:14     | Killed Roxanne
 21115 | D:15     | Entered Level 15 of the Dungeon
 21325 | D:15     | Found a hide-covered altar of Uskayaw.
 21496 | D:15     | Found a staircase to the Depths.
 21951 | Spider:1 | Entered Level 1 of the Spider Nest
 22162 | Spider:1 | Reached XP level 16. HP: 159/159 MP: 15/15
 22191 | Spider:1 | Reached skill level 19 in Fighting
 23021 | Spider:1 | Acquired a manual of Shapeshifting
 23087 | Spider:1 | Succumbed to a redback's poison

Illustrated notes

Levels and vault maps discovered:
D:1:      dreamdust_arrival_sigmund_warning, layout_basic
D:2:      layout_loops_corners, grunt_ministairs_7, minmay_circle_x,
          uniq_natasha, uniq_jessica
D:3:      layout_loops_ring, biasface_ghost_orc_armoury, minmay_puff
D:4:      layout_layer_cave, nicolae_ru_the_path_less_chosen, uniq_pikel
D:5:      layout_basic, mainiacjoe_overflow_tiny_flanked
D:6:      layout_loops_cross, grunt_temple_overflow_order_and_chaos_1,
          minmay_temple_entry_fiery, ebering_ghost_sewer_f, uniq_menkaure,
          uniq_edmund, uniq_maggie
D:7:      layout_loops_corners, nicolae_yredelemnul_corpse_copse
D:8:      layout_loops_ring, kennysheep_little_box, worms_lemuel
D:9:      layout_basic, nicolae_overflow_hidden_temple,
          nemelex_diamond_rough_becter, hellmonk_lair_entry_icy, enter_bailey_2,
          serial_bayou_pond_b
D:10:     layout_basic, old_standard_altar, nicolae_houndstooth_variations,
          uniq_sonja
D:11:     minmay_evil_eye, layout_loops_cross, zin_statuary
D:12:     layout_gridville, orc_0_dummy
D:13:     layout_loops_corners, uniq_azrael, uniq_urug, uniq_snorg
D:14:     layout_rooms, grunt_vaults_entry_tiered, nzn_hepliaklqana_mist_gate,
          serial_shops, shop, chequers_serial_rivers_marsh, uniq_rupert,
          uniq_roxanne
D:15:     hangedman_depths_entry_try_elsewhere_first, layout_rooms, basic_altar
Temple:   hellmonk_temple_divided_pantheon
Lair:1:   layout_layer_cave, ebering_ghost_funeral_grove
Lair:2:   layout_hall_layers, patterned_corridor, grunt_megastairs_5,
          uniq_fannar
Lair:3:   beargit_carnivore_pack, layout_hall_layers, swamp_mist,
          dummy_spider_entry, gauntlet_entry_generic,
          portal_ice_cave_entry_pillars_2
Lair:4:   layout_cave_pods
Lair:5:   hangedman_lair_caniforms_friends, layout_cave_shapes,
          hangedman_lair_tendril_chambers, dpeg_slime_entry_enclosed
Spider:1: layout_chambers
Spider:2: nicolae_spider_jumping_over_cracks [nicolae_spider_jumping_sub_notch,
          nicolae_spider_jumping_sub_moat, nicolae_spider_jumping_sub_lanes,
          nicolae_spider_jumping_sub_offset], gammafunk_ghost_tricky_traps,
          nicolae_spider_shape
Orc:1:    hellmonk_paralyzer, layout_caves, uniq_josephine
Orc:2:    kennysheep_orc_mage_school, layout_caves

Skill      XL: |  1  2  3  4  5  6  7  8  9 10 11 12 13 14 15 16 |
---------------+-------------------------------------------------+-----
Axes           | 4 5 6 |  6.0
Fighting       | 4 6 7 9 10 12 13 15 17 18 19 | 19.2
Dodging        | 4 5 6 7 8 9 11 12 14 15 17 | 17.5
Maces & Flails | 4 6 8 10 12 13 14 | 14.0
Armour         | 4 6 9 11 13 15 17 | 17.6

Action                     |  1- 3 |  4- 6 |  7- 9 | 10-12 | 13-15 | 16-18 || total
---------------------------+-------+-------+-------+-------+-------+-------++-------
  Melee: Hand axe          |    67 |    63 |       |       |       |       ||   130
         Headbutt          |    10 |    16 |    33 |   129 |   273 |    16 ||   477
         Flail             |       |    12 |   180 |   491 |   929 |    55 ||  1667
    Use: Scroll            |       |       |       |    14 |    15 |     1 ||    30
         Potion            |       |       |       |       |     4 |       ||     4
   Stab: Distracted        |       |       |     1 |       |       |       ||     1
 Armour: Robe              |    36 |    23 |    14 |       |       |       ||    73
         Swamp dragon scal |       |       |    12 |    80 |       |       ||    92
         Plate armour      |       |       |       |    95 |   295 |    38 ||   428
  Dodge: Dodged            |    40 |    62 |   108 |   230 |   437 |    45 ||   922
         Repelled          |       |       |       |     4 |     1 |       ||     5
  Block: Orb               |       |       |     4 |    73 |   234 |    26 ||   337

Table legend: (Time is in decaauts)
 A = Elapsed time spent in this place.
 B = Non-inter-level travel time spent in this place.
 C = Inter-level travel time spent in this place.
 D = Time resting spent in this place.
 E = Time spent auto-exploring this place.
 F = Levels seen in this place.
 G = Mean time per level.
                   A        B        C        D        E       F      G
               +--------+--------+--------+--------+--------+-----+--------+
         Total |  22320 |  20527 |   1793 |    505 |  16594 |  28 |  797.1 |
       Dungeon |  13001 |  11928 |   1073 |    250 |   9854 |  15 |  866.7 |
        Temple |     32 |      5 |     27 |      0 |      0 |   1 |   32.0 |
          Lair |   5089 |   4745 |    344 |     80 |   4094 |   5 | 1017.8 |
   Spider Nest |   1079 |   1041 |     38 |     54 |    818 |   2 |  539.5 |
  Orcish Mines |   1917 |   1608 |    309 |    115 |   1132 |   2 |  958.5 |
         Abyss |     28 |     28 |      0 |      0 |     19 |   1 |   28.0 |
        Bailey |    395 |    395 |      0 |      6 |    201 |   1 |  395.0 |
      Gauntlet |    776 |    776 |      0 |      0 |    476 |   1 |  776.0 |
               +--------+--------+--------+--------+--------+-----+--------+

Top non-repeatable levels by time:
   Orc:2: 1218 daAuts
     D:4: 1191 daAuts
  Lair:5: 1106 daAuts
  Lair:1: 1101 daAuts
  Lair:3: 1092 daAuts
Spider:1: 1063 daAuts
     D:2: 1061 daAuts
     D:6: 974 daAuts
    D:13: 940 daAuts
     D:8: 918 daAuts
     D:7: 915 daAuts
     D:3: 913 daAuts
  Lair:4: 913 daAuts
    D:14: 910 daAuts
    D:10: 881 daAuts
